 Dungeon Crawl Stone Soup version 0.31.0-11-ge490571c62 (webtiles) character file.

Game seed: 5117638101365930295

177 browni3141 the Magician (level 5, -12/49 HPs)
             Began as a Naga Monk on Feb 1, 2024.
             Mangled by an orc warrior
             ... wielding a +0 battleaxe
              (17 damage)
             ... on level 4 of the Dungeon.
             The game lasted 00:03:10 (374 turns).

browni3141 the Magician (Naga Monk)                  Turns: 374, Time: 00:03:10

Health: -12/49     AC:  2    Str: 13    XL:     5   Next: 57%
Magic:  11/11      EV: 10    Int: 12    God:
Gold:   34         SH:  0    Dex: 14    Spells: 12/12 levels left

rFire   . . .        h - +4 whip
rCold   . . .        d - orb {light}
rNeg    . . .        b - +0 robe
rPois   +            (no helmet)
rElec   .            (no cloak)
rCorr   .            (no gloves)
SInv    +            (no barding)
Will    .....        (no amulet)
Stlth   +            (no ring)
HPRegen 0.28/turn    (no ring)
MPRegen 0.12/turn

%: no passive effects
@: short of breath, glowing, very slow
A: AC +1, large, see invisible, deformed body, poison resistance, slowness 2,
spit poison 1, naga tail 1
a: Spit Poison


You were on level 4 of the Dungeon.
You visited 1 branch of the dungeon, and saw 4 of its levels.

You collected 34 gold pieces.

Inventory:

Hand Weapons
 a - a +0 mace
 e - a +0 dagger of venom
 h - a +4 whip (weapon)
Armour
 b - a +0 robe (worn)
 d - an orb of light (worn)
Scrolls
 f - a scroll of vulnerability {unknown}
 g - 2 scrolls of brand weapon {unknown}
 i - a scroll of fear {unknown}
 j - a scroll of blinking {unknown}
 k - a scroll of immolation {unknown}
Potions
 c - a potion of ambrosia


   Skills:
 - Level 3.1 Fighting
 - Level 3.1 Maces & Flails
 - Level 2.5 Dodging
 * Level 4.3 Spellcasting


You had 12 spell levels left.
You didn't know any spells.
Your spell library was empty.

Dungeon Overview and Level Annotations

Branches:
Dungeon (4/15)
 Temple: D:4-7

Altars:

Shops:
D:4 (


Innate Abilities, Weirdness & Mutations

Your serpentine skin is tough. (AC +1)
You have supernaturally acute eyesight. (SInv)
Armour fits poorly on your strangely shaped body.
Your system is resistant to poisons. (rPois)
You cover ground very slowly.
You can spit poison.
You have a snake-like lower body.


Message History

You see here a +0 hand axe.
A giant cockroach comes into view.
You have got your breath back.
The ball python attacks as it pursues you!
The ball python barely misses you.
A ball python comes into view.
The ball python bites you.
The ball python moves out of view.
The splash of poison hits the ball python!
The ball python is poisoned.
You kill the ball python!
A black bear comes into view.
A bombardier beetle comes into view.
You have got your breath back.
The splash of poison hits the giant cockroach.
You kill the giant cockroach!
You have got your breath back.
The splash of poison hits the ball python!
The ball python is poisoned.
You kill the ball python!
You have got your breath back.
Found a stone staircase leading up.
You see here a ball python corpse.
The splash of poison hits the black bear.
The black bear is poisoned.
The black bear is lightly wounded.
You have got your breath back.
The splash of poison hits the black bear.
The black bear is moderately wounded.
The black bear looks more healthy.
The black bear barely misses you. The black bear claws you. x2
You hit the black bear.
The black bear is heavily wounded.
You hit the black bear.
The black bear is severely wounded.
The black bear bites you. The black bear claws you.
The black bear barely misses you.
You whack the black bear!
You kill the black bear!
Your Spellcasting skill increases to level 4!
You have reached level 5!
You have got your breath back.
You see here a ball python corpse.
The splash of poison hits the bombardier beetle!
The bombardier beetle is almost dead.
The bombardier beetle sprays incendiary fluid at you.
The burning spray misses you.
An orc warrior and an orc come into view.
The orc warrior shouts!
The orc shouts!
The bombardier beetle sprays incendiary fluid at you.
The burning spray hits you.
You are covered in liquid fire!
You shake off some of the fire as you move.
The liquid fire burns you!
You shake off some of the fire as you move.
The liquid fire burns you!
The bombardier beetle sprays incendiary fluid at you.
The burning spray misses you.
You shake off the liquid fire.
You have got your breath back.
The orc warrior unwields a +0 battleaxe.
The orc warrior wields a +0 orcbow.
The orc warrior shoots an arrow.
The arrow barely misses you.
The splash of poison misses the orc warrior.
The orc warrior shoots an arrow.
The arrow closely misses you.
You have got your breath back.
The splash of poison hits the orc warrior.
The orc warrior is poisoned.
The orc warrior is lightly wounded.
The orc warrior shoots an arrow.
The arrow barely misses you.
You hear a shout!
You have got your breath back.
The orc warrior shoots an arrow.
The arrow barely misses you.
The splash of poison hits the orc warrior but does no damage.
The orc warrior looks even sicker.
The orc warrior is lightly wounded.
The orc warrior shoots an arrow.
The arrow hits you!
The orc warrior unwields a +0 orcbow.
The orc warrior wields a +0 battleaxe.
The orc warrior hits you with a +0 battleaxe.
The orc warrior hits you with a +0 battleaxe!!
You hit the orc warrior.
The orc warrior is moderately wounded.
An orc comes into view. It is wielding a +0 club.
You barely miss the orc warrior.
The orc warrior is moderately wounded.
The orc warrior barely misses you.
You are confused.
You feel invigorated.
You bump into the rock wall.
The orc warrior hits you with a +0 battleaxe!
The orc completely misses you.
You're too confused to move!
You feel less invigorated.
You feel less confused.
You have got your breath back.
The orc warrior closely misses you. The orc hits you with a +0 dagger.
Aiming: Spit Poison (1% risk of failure)
Press: ? - help, Q - select action Shift-Dir - straight line, f/p - orc warrior
Aim: an orc warrior, wielding a +0 battleaxe and wearing a +0 chain mail (moderately wounded, poisoned, haloed, 73% to hit)
The splash of poison hits the orc warrior but does no damage.
The orc warrior looks even sicker.
The orc warrior is moderately wounded.
The orc warrior hits you with a +0 battleaxe!
You die...

.)..####..### .# <.....##.
.##.# #.....#######... #...
#.†.###..###...#......# #.##
..###.+.## #..)####.# ##.#
#'#...########†....##.# #..#
#......#.......###.##.## ###.##
##..∩..###.#######.)...####...#
#......##.# #oooB....†...###
##...#'##.# #@####..######
+.###.##†# #.# #..# ###...##.#
#.# #..o..o# #..###..# #..#
#......... #.###..## ..?##
..B....... #.....## ####
#.......... ####### #..........
#........[. #..........


You could see an orc warrior (very poisoned), a bombardier beetle and 2 orcs.

Vanquished Creatures
  A black bear (D:4)
  Natasha (D:2)
  2 adders
  2 dart slugs
  4 orcs
  4 ball pythons
  A bat (D:1)
  An endoplasm (D:3)
  3 giant cockroaches
  3 hobgoblins
  A quokka (D:1)
  2 frilled lizards (D:1)
  3 goblins
  5 kobolds
33 creatures vanquished.

Notes
Turn   | Place    | Note
-------+----------+-------------------------------------------
     0 | D:1      | browni3141 the Naga Monk began the quest for the Orb.
     0 | D:1      | Reached XP level 1. HP: 21/21 MP: 1/1
    75 | D:1      | Reached XP level 2. HP: 27/28 MP: 2/2
   112 | D:2      | Reached skill level 1 in Spellcasting
   117 | D:2      | Reached XP level 3. HP: 33/34 MP: 3/5
   137 | D:2      | Noticed Natasha
   141 | D:2      | Killed Natasha
   142 | D:2      | Reached skill level 2 in Spellcasting
   191 | D:3      | Found a faded altar of an unknown god.
   202 | D:3      | Reached XP level 4. HP: 26/42 MP: 6/8
   267 | D:4      | Found Fyolyfusmu's Antique Weapon Shop.
   289 | D:4      | Reached skill level 3 in Spellcasting
   315 | D:4      | Noticed a black bear
   348 | D:4      | Killed a black bear
   349 | D:4      | Reached skill level 4 in Spellcasting
   349 | D:4      | Reached XP level 5. HP: 40/49 MP: 8/11
   355 | D:4      | Noticed an orc warrior
   372 | D:4      | HP: 1/49 [orc warrior/+0 battleaxe (11)]
   374 | D:4      | Mangled by an orc warrior

Illustrated notes

Levels and vault maps discovered:
D:1:      scummos_arrival_forest, layout_basic
D:2:      layout_loops_cross, uniq_natasha
D:3:      layout_loops_ring, basic_ecumenical_altar, st_stairs_8, uniq_terence
D:4:      layout_rooms, serial_shops, nicolae_shop_rolling_square

Skill      XL: |  1  2  3  4 |
---------------+-------------+-----
Spellcasting   | 1 2 4 |  4.3
Fighting       | |  3.1
Maces & Flails | |  3.1
Dodging        | |  2.5

Action                     |  1- 3 |  4- 6 || total
---------------------------+-------+-------++-------
  Melee: Mace              |     7 |       ||     7
         Dagger            |    10 |       ||    10
         Whip              |    14 |    20 ||    34
Ability: Spit Poison       |     8 |    16 ||    24
    Use: Potion            |       |     1 ||     1
 Armour: Robe              |    18 |    19 ||    37
  Dodge: Dodged            |    14 |    20 ||    34
